 Dungeon Crawl Stone Soup version bcrawl-1.17.3 (webtiles) character file.

Game seed: 6619551352896198296

60 Bnni the Skirmisher (level 4, -7/40 HPs)
             Began as a Hill Orc Archaeologist on Oct 22, 2019.
             Killed by divine providence
             ... invoked by an orc priest
              (13 damage)
             ... on level 3 of the Dungeon.
             The game lasted 00:07:34 (2123 turns).

Bnni the Skirmisher (Hill Orc Archaeologist)        Turns: 2123, Time: 00:07:35

Health: -7/40      AC: 12    Str: 14    XL:     4   Next: 4%
Magic:  4/4        EV: 15    Int: 14    God:
Gold:   174        SH:  0    Dex: 14    Spells: 3/3 levels left

rFire    . . .     SeeInvis .   a - +0 whip
rCold    . . .     Gourm    .   (no shield)
rNeg     . . .     Faith    .   o - +0 scale mail
rPois    .         Spirit   .   c - +1 hat
rElec    .         Reflect  .   (no cloak)
rCorr    .         Harm     .   (no gloves)
MR       .....                  d - +1 pair of boots
Stlth    ++........             (no amulet)
HPRegen  0.13/turn              l - +3 ring of protection
MPRegen  0.09/turn              (no ring)

@: agile, studying Fighting
A: no striking features
a: Convert to Beogh


You were on level 3 of the Dungeon.
You were not hungry.

You visited 1 branch of the dungeon, and saw 3 of its levels.

You collected 174 gold pieces.

Inventory:

Hand Weapons
 a - a +0 whip (weapon)
Armour
 c - a +1 hat (worn)
 d - a +1 pair of boots (worn)
 o - a +0 scale mail (worn)
Jewellery
 l - a +3 ring of protection (left hand)
Scrolls
 i - 3 scrolls of teleportation {unknown}
Potions
 h - 2 potions of berserk rage {unknown}
 j - a potion of cancellation {unknown}
 m - a potion of mutation {unknown}
Books
 e - a manual of Fighting
Miscellaneous
 f - an ancient crate
Comestibles
 g - 5 rations {!d}
 k - 2 chunks of flesh


   Skills:
 * Level 3.7 Fighting
   Level 3.7 Short Blades
   Level 3.7 Long Blades
   Level 3.7 Axes
   Level 3.7 Maces & Flails
   Level 3.7 Polearms
   Level 3.7 Staves
 - Level 2.4 Dodging
 - Level 2.6 Stealth
   Level 3.7 Unarmed Combat


You had 3 spell levels left.
You didn't know any spells.
Your spell library was empty.

Dungeon Overview and Level Annotations

Branches:
Dungeon (3/12)

Altars:
The Shining One


Message History

The orc priest shouts, "Beogh is our master!
Accept the truth or die!"
Your punch misses the orc priest.
The orc priest calls down the wrath of Beogh upon you.
Beogh smites you!
You are too injured to fight recklessly!
You are too injured to fight recklessly!
You barely miss the orc priest.
The orc priest invokes the aid of Beogh against you.
Beogh smites you!
* * * LOW HITPOINT WARNING * * *
Okay, then.
You feel agile all of a sudden.
You hit the orc priest but do no damage.
The orc priest barely misses you.
You closely miss the orc priest. The orc priest barely misses you.
You hit the orc priest.
The orc priest is lightly wounded.
The orc priest invokes the aid of Beogh against you.
Beogh smites you!
You die...

#####+...####
............#####+#+##
#..................#
#..................#
#..................#
#.รท<.........######
#.........##.#########
#.........##.#........
#.#+#@######.'........
#. #o...#####........
#. #........#........
#. #.....)..#........
#. #........#........
#.)......#....)...
'........'...>....
#[.......#........
#........#........


You could see an orc priest.

Vanquished Creatures
  An adder (D:3)
  A worm (D:2)
  A dart slug (D:1)
  A leopard gecko (D:1)
  2 orcs
  A giant cockroach (D:1)
  6 goblins
  6 hobgoblins
  3 jackals (D:2)
  A quokka (D:2)
  6 bats
  2 frilled lizards
  5 kobolds
  5 rats
41 creatures vanquished.

Notes
Turn   | Place    | Note
-------+----------+-------------------------------------------
     0 | D:1      | Bnni the Hill Orc Archaeologist began the quest for the
                  | Orb.
     0 | D:1      | Reached XP level 1. HP: 15/15 MP: 1/1
    93 | D:1      | Reached skill level 1 in Fighting
   149 | D:1      | Reached XP level 2. HP: 22/23 MP: 2/2
   348 | D:1      | Reached skill level 2 in Fighting
   778 | D:2      | Reached XP level 3. HP: 27/30 MP: 3/3
  1094 | D:2      | Found a glowing golden altar of the Shining One.
  1110 | D:2      | Reached skill level 3 in Fighting
  2016 | D:3      | Reached XP level 4. HP: 32/40 MP: 4/4
  2123 | D:3      | Killed from afar by an orc priest

Skill      XL: |  1  2  3 |
---------------+----------+-----
Fighting       | 1 2 3 |  3.7
Short Blades   | |  3.7
Long Blades    | |  3.7
Axes           | |  3.7
Maces & Flails | |  3.7
Polearms       | |  3.7
Staves         | |  3.7
Dodging        | |  2.4
Stealth        | |  2.6
Unarmed Combat | |  3.7

Action                   |  1- 3 |  4- 6 || total
-------------------------+-------+-------++-------
Melee: Whip              |   218 |    25 ||   243
       Punch             |     1 |       ||     1
  Use: Scroll            |     4 |       ||     4
       Potion            |       |     1 ||     1
  Eat: Chunk             |     4 |       ||     4
Armor: Robe              |     9 |       ||     9
       Ring mail         |    33 |       ||    33
       Scale mail        |   114 |    22 ||   136
Dodge: Dodged            |   149 |    14 ||   163
